 Dungeon Crawl Stone Soup version 0.31.0-32-g396128a36d (webtiles) character file.

Game seed: 2408851601138461101

1031 mainiacjoe the Conjurer (level 8, 0/41 HPs)
             Began as an Octopode Conjurer on Mar 30, 2024.
             Was a Follower of Hepliaklqana.
             Slain by a hornet (10 damage)
             ... while paralysed by a hornet
             ... on level 5 of the Dungeon.
             The game lasted 00:12:52 (4493 turns).

mainiacjoe the Conjurer (Octopode Conjurer)         Turns: 4493, Time: 00:12:52

Health: 0/41       AC:  1    Str: 12    XL:     8   Next: 23%
Magic:  3/12       EV:  2    Int: 23    God:    Hepliaklqana [*.....]
Gold:   260        SH:  0    Dex: 10    Spells: 2/13 levels left

rFire   . . .        b - +0 sling (heavy)
rCold   . . .        (no shield)
rNeg    . . .        (helmet restricted)
rPois   .            m - amulet of the acrobat
rElec   .            c - +6 ring of strength
rCorr   .            (no ring)
SInv    .            (no ring)
Will    .....        (no ring)
Stlth   ++++         (no ring)
HPRegen 0.26/turn    (no ring)
MPRegen 0.13/turn    (no ring)
                     (no ring)

%: acrobat
@: paralysed, lethally poisoned (0 -> -6), slowed
A: reduced essence, almost no armour, amphibious, 8 rings, camouflage 1,
gelatinous body 1, (nimble swimmer 1), tentacles
a: Renounce Religion, Recall Ancestor, Ancestor Identity


You were on level 5 of the Dungeon.
You worshipped Hepliaklqana.
Hepliaklqana was aware of your devotion.
You visited 1 branch of the dungeon, and saw 5 of its levels.

You collected 260 gold pieces.

Inventory:

Hand Weapons
 a - a +0 quarterstaff
 b - a +0 heavy sling (weapon)
 e - a +0 dagger
 i - a +0 whip
 r - a +0 mace of holy wrath
 t - a +0 rapier
 y - a +0 rapier
Missiles
 f - 46 stones
 g - 2 javelins
 w - a throwing net {=F}
Jewellery
 c - a +6 ring of strength (left tentacle)
 m - an amulet of the acrobat (around mantle)
 x - a ring of protection from fire
Wands
 n - a wand of charming (7)
Scrolls
 o - a scroll of immolation
 q - a scroll of silence
 v - a scroll of revelation
Potions
 d - a potion of magic
 h - 3 potions of enlightenment
 j - a potion of curing
 k - a potion of invisibility
 l - a potion of brilliance
 s - a potion of lignification {unknown}
 u - a potion of haste {unknown}


   Skills:
 - Level 2.0 Dodging
 - Level 5.0 Stealth
 - Level 3.0 Spellcasting
 * Level 7.4 Conjurations
 + Level 4.4 Translocations
 + Level 3.3 Alchemy


You had 2 spell levels left.
You knew the following spells:

 Your Spells              Type           Power      Damage    Failure   Level
a - Magic Dart            Conj           100%       1d8       1%          1
b - Searing Ray           Conj           74%        2d7       1%          2
c - Iskenderun's Mystic   Conj/Tloc      30%        2d8       10%         4
d - Fulminant Prism       Conj/Alch      14%        3d9       13%         4

Your spell library contained the following spells:

 Spells                   Type           Power      Damage    Failure   Level


Dungeon Overview and Level Annotations

Branches:
Dungeon (5/15)
 Temple: D:4-7

Altars:
Hepliaklqana
Okawaru
Trog
Xom


Innate Abilities, Weirdness & Mutations

Your life essence is reduced to manifest your ancestor. (-10% HP)
You cannot wear most types of armour.
You are amphibious.
You can wear up to eight rings at the same time.
Your skin changes colour to match your surroundings (Stealth+).
Your rubbery body absorbs attacks. (AC +1, EV +1)
((You are camouflaged when in or above water. (Stealth+)))
You have tentacles for arms and can constrict up to eight enemies at once.


Message History

Casting: Searing Ray (safe; 1% risk of failure)
Confirm with . or Enter, or press ? or * to list all spells.
Aiming: Fulminant Prism (quite dangerous; 13% risk of failure)
Press: ? - help, Dir - move target, p - hornet You conjure a prism of explosive energy!
A fulminant prism comes into view.
The hornet stings Llozhom!
Llozhom is destroyed!
Casting: Fulminant Prism (quite dangerous; 13% risk of failure)
Confirm with . or Enter, or press ? or * to list all spells.
Aiming: Magic Dart (safe; 1% risk of failure)
Press: ? - help, Shift-Dir - straight line, f - hornet
Aim: a hornet (lightly wounded, ally target, 100% to hit)
The magic dart hits the hornet but does no damage.
The hornet is lightly wounded.
Your fulminant prism crackles loudly.
Casting: Magic Dart (safe; 1% risk of failure)
Confirm with . or Enter, or press ? or * to list all spells.
Aiming: Searing Ray (safe; 1% risk of failure)
Press: ? - help, Shift-Dir - straight line, f/p - hornet
Aim: a hornet (lightly wounded, ally target, 71% to hit)
The searing ray hits the hornet but does no damage.
The hornet is lightly wounded. (Press . to maintain the ray.)
Your fulminant prism explodes!
The blast of energy engulfs the hornet!
The hornet is heavily wounded.
The searing ray hits the hornet.
The hornet is heavily wounded.
The hornet closely misses you.
The searing ray hits the hornet!
The hornet is almost dead.
The hornet stings you!
You suddenly lose the ability to move!
The hornet stings you.
You are poisoned.
You feel yourself slow down. The hornet stings you!
* * * LOW HITPOINT WARNING * * *
You feel as though you will be slow longer.
You feel sick. The hornet stings you!
You die...

#### ###...### ##..).)..##
#...._..))# ##.........##
######....###....#
#...<#...##y##...#
#..@.#....###.††.#
#.y..#.....R.††..#
...######....##.........##
....R..........##.......##
....####.#.....#####.####
...).)$..#.....#####.#
...)######...........# .
#.....####### #######


You could see a hornet.

Vanquished Creatures
  Eustachio (D:4)
  Menkaure (D:4)
  An ice beast (D:4)
  2 ogres (D:4)
  A scorpion (D:4)
  An orc priest (D:4)
  3 iguanas
  2 orc wizards (D:5)
  5 gnolls
  8 adders
  3 dart slugs
  3 ribbon worms (D:5)
  8 orcs
  3 bats
  7 endoplasms
  2 giant cockroaches
  5 goblins
  6 hobgoblins
  4 jackals (D:4)
  8 kobolds
  3 quokkas
  6 ball pythons
  6 frilled lizards
  8 rats
97 creatures vanquished.

Vanquished Creatures (collateral kills)
  An orc priest (D:4)
  An orc wizard (D:5)
  A gnoll (D:4)
  2 orcs (D:4)
5 creatures vanquished.

Vanquished Creatures (others)
  An ancestor (D:5)
  A fulminant prism (D:5)
2 creatures vanquished.

Grand Total: 104 creatures vanquished

Notes
Turn   | Place    | Note
-------+----------+-------------------------------------------
     0 | D:1      | mainiacjoe the Octopode Conjurer began the quest for the
                  | Orb.
     0 | D:1      | Reached XP level 1. HP: 11/11 MP: 3/3
   146 | D:1      | Reached XP level 2. HP: 17/17 MP: 0/5
   149 | D:1      | Learned a level 2 spell: Searing Ray
   784 | D:1      | Reached XP level 3. HP: 21/21 MP: 3/6
  1117 | D:2      | Reached skill level 1 in Translocations
  1504 | D:2      | Reached XP level 4. HP: 21/27 MP: 0/7
  2115 | D:3      | Learned a level 4 spell: Iskenderun's Mystic Blast
  2289 | D:3      | Reached XP level 5. HP: 31/31 MP: 3/9
  2314 | D:3      | Reached skill level 5 in Conjurations
  2653 | D:3      | Found an iron altar of Okawaru.
  2665 | D:3      | Found a shimmering altar of Xom.
  2666 | D:3      | Found a hazy altar of Hepliaklqana.
  2666 | D:3      | Noticed a tentacled monstrosity
  2667 | D:3      | Noticed a spectral ugly thing
  2667 | D:3      | Noticed a tentacled monstrosity
  2884 | D:3      | Became a worshipper of Hepliaklqana the Forgotten
  2954 | D:4      | Reached XP level 6. HP: 26/36 MP: 2/10
  3206 | D:4      | Reached skill level 5 in Stealth
  3206 | D:4      | Reached skill level 6 in Conjurations
  3368 | D:4      | Noticed Eustachio
  3399 | D:4      | Reached XP level 7. HP: 41/41 MP: 7/11
  3404 | D:4      | Learned a level 4 spell: Fulminant Prism
  3546 | D:4      | Reached * piety under Hepliaklqana
  3548 | D:4      | Noticed Menkaure
  3645 | D:4      | Reached skill level 1 in Alchemy
  3887 | D:4      | Killed Menkaure
  4086 | D:4      | Killed Eustachio
  4087 | D:4      | Reached skill level 7 in Conjurations
  4087 | D:4      | Reached XP level 8. HP: 41/41 MP: 7/12
  4210 | D:5      | Entered Level 5 of the Dungeon
  4222 | D:5      | Noticed a moth of wrath
  4225 | D:5      | Found a bloodstained altar of Trog.
  4362 | D:5      | Noticed a hornet
  4366 | D:5      | Paralysed by a hornet for 1 turns
  4491 | D:5      | Paralysed by a hornet for 3 turns
  4493 | D:5      | Slain by a hornet

Illustrated notes

Levels and vault maps discovered:
D:1:      minmay_arrival_shoal_huts, layout_loops_ring, chequers_jeans,
          st_stairs_2, minmay_heptomino_d4
D:2:      layout_basic, kennysheep_boxes
D:3:      layout_loops_ring, okawaru_metal_pillars_1_2,
          regret_index_temple_of_mockery, kennysheep_another_room
D:4:      layout_rooms, minivault_27, minmay_misc_feat_doors, uniq_eustachio,
          uniq_menkaure
D:5:      layout_rooms, tgw_trog, uniq_ijyb

Skill      XL: |  1  2  3  4  5  6  7 |
---------------+----------------------+-----
Stealth        | 3 4 5 |  5.0
Translocations | 1 2 3 4 |  4.4
Conjurations   | 5 6 7 |  7.4
Spellcasting   | 3 |  3.0
Alchemy        | 3 |  3.3
Dodging        | |  2.0

Action                     |  1- 3 |  4- 6 |  7- 9 || total
---------------------------+-------+-------+-------++-------
  Melee: Mace              |     1 |     1 |       ||     2
         Quarterstaff      |       |       |     3 ||     3
         Constrict         |       |       |     1 ||     1
   Fire: Sling             |     8 |    78 |    23 ||   109
   Cast: Magic Dart        |    38 |       |     1 ||    39
         Searing Ray       |     8 |    22 |    16 ||    46
         Iskenderun's Myst |       |       |     1 ||     1
         Fulminant Prism   |       |       |     1 ||     1
 Invoke: Ancestor Identity |       |       |     1 ||     1
    Use: Scroll            |     6 |     5 |     1 ||    12
         Potion            |       |       |     1 ||     1
 Armour: Skin              |     4 |    15 |    21 ||    40
  Dodge: Dodged            |     2 |    32 |    30 ||    64
